 Dungeon Crawl Stone Soup version 0.28.0-53-g5a82cb258f (webtiles) character file.

Game seed: 11336488371800175871

123 tizbic2 the Skirmisher (level 5, 0/55 HPs)
             Began as an Ogre Fighter on Aug 2, 2022.
             Was a Follower of Kikubaaqudgha.
             Slain by an orc wizard
             ... wielding a +0 dagger
              (3 damage)
             ... on level 3 of the Dungeon.
             The game lasted 00:08:47 (2390 turns).

tizbic2 the Skirmisher (Ogre Fighter)               Turns: 2390, Time: 00:08:48

Health: 0/55       AC:  3    Str: 19 (22) XL:     5   Next: 7%
Magic:  2/2        EV:  8    Int: 11 (12) God:    Kikubaaqudgha [*.....]
Gold:   42         SH:  0    Dex:  7 (8)  Spells: 6/6 levels left

rFire   . . .      SeeInvis .   n - +10 short sword of Wejysk {antimagic, Int+3}
rCold   . . .      Faith    .   c - +0 kite shield
rNeg    . . .      Spirit   .   b - +0 robe
rPois   .          Reflect  .   (helmet restricted)
rElec   .          Harm     .   g - scarf {+Inv}
rCorr   .          Rampage  .   (gloves unavailable)
Will    .....                   (boots unavailable)
Stlth   +.........              (no amulet)
HPRegen 0.18/turn               (no ring)
MPRegen 0.08/turn               (no ring)

@: confused
A: large, unfitting armour, tough skin 1
a: Renounce Religion, Evoke Invisibility, Receive Corpses


You were on level 3 of the Dungeon.
You worshipped Kikubaaqudgha.
Kikubaaqudgha was aware of your devotion.
You visited 1 branch of the dungeon, and saw 3 of its levels.

You collected 42 gold pieces.

Inventory:

Hand Weapons
 a - a +0 trident
 n - the +10 short sword of Wejysk (weapon) {antimagic, Int+3}
   (You found it on level 3 of the Dungeon)

   It reduces the magical energy of the wielder, and disrupts the spells and
   magical abilities of those it strikes.
   Natural abilities and divine invocations are not affected.
   Int:       It affects your intelligence (+3).
Missiles
 d - 2 boomerangs
 e - 4 javelins
 i - 37 stones (quivered)
Armour
 b - a +0 robe (worn)
 c - a +0 kite shield (worn)
 g - a scarf of invisibility (worn)
Scrolls
 f - a scroll of identify
 j - 2 scrolls of immolation
Potions
 h - a potion of brilliance
 k - a potion of cancellation


   Skills:
 + Level 4.9 Fighting
 * Level 3.8 Polearms
 - Level 2.6 Dodging
 - Level 2.6 Shields
 + Level 1.2 Spellcasting
 * Level 1.5 Necromancy


You had 6 spell levels left.
You didn't know any spells.
Your spell library contained the following spells:

 Spells                   Type           Power      Damage    Failure   Level
 Animate Skeleton         Necr           8%         N/A       38%         1
 Sublimation of Blood     Necr           4%         N/A       52%         2
 Vampiric Draining        Necr           4%         2d6       77%         3
 Agony                    Necr           4%         N/A       100%        5
 Conjure Ball Lightning   Conj/Air       0%         3x3d6     100%        6
 Discord                  Hex            0%         N/A       100%        8
 Disjunction              Tloc           0%         N/A       100%        8


Dungeon Overview and Level Annotations

Branches:
Dungeon (3/15)

Altars:
Kikubaaqudgha
Xom


Innate Abilities, Weirdness & Mutations

You are too large for most types of armour.
You have tough skin. (AC +1)


Message History

You bump into the rock wall.
Something hits you. The kobold hits you but does no damage. Something hits you.
* * * LOW HITPOINT WARNING * * *
It was a potion of degeneration.
There was something very wrong with that liquid.
You feel weakened.
You feel dopey.
You feel clumsy. Something hits you but does no damage.
The kobold hits you but does no damage. Something completely misses you.
It was a potion of curing.
You feel better. Something hits you. The kobold hits you but does no damage.
Something completely misses you.
Okay, then.
You puncture the kobold!
You kill the kobold!
Kikubaaqudgha accepts your kill.
Something hits you but does no damage. x2; Something hits you.
Something hits you but does no damage.
Items here: ( )) [ †.
Something hits you.
A magic dart appears from out of thin air!
The magic dart hits you.
A magic dart appears from out of thin air!
The magic dart hits you!
* * * LOW HITPOINT WARNING * * *
You hear some strange, mumbled words.
You are confused.
A puff of flame appears from out of thin air!
The puff of flame hits you!
* * * LOW HITPOINT WARNING * * *
You're too confused to move!
The orc hits you with a +0 club.
* * * LOW HITPOINT WARNING * * *
You hear some strange, mumbled words.
Something tries to affect you, but you resist.
You hear some strange, mumbled words.
You are more confused.
You bump into the rock wall.
The orc barely misses you. Something hits you.
* * * LOW HITPOINT WARNING * * *
Something hits you.
You die...
Kikubaaqudgha rasps: "You have failed me!
Welcome... death!"

#..... #.. ..... ##.##
.... #...# ... #...# ..
#(..# #.# #####...#####
#.####...........####..
#.....@o........)).....
#..###...........##....
#..# #####.?.##### ###
##..### #...# #.....#
#...# #...#.# #...#
######...#.# ##.##
.........#.# ...
######..##.# #.#


You could see an orc.

Vanquished Creatures
  Natasha (thrice) (D:2)
  An adder (D:2)
  A dart slug (D:1)
  2 orcs (D:3)
  4 ball pythons
  2 bats (D:2)
  2 giant cockroaches
  3 goblins (D:1)
  4 hobgoblins
  5 kobolds
  4 quokkas
  A frilled lizard (D:2)
  3 rats (D:1)
35 creatures vanquished.

Notes
Turn   | Place    | Note
-------+----------+-------------------------------------------
     0 | D:1      | tizbic2 the Ogre Fighter began the quest for the Orb.
     0 | D:1      | Reached XP level 1. HP: 24/24 MP: 1/1
   283 | D:1      | Reached XP level 2. HP: 32/32 MP: 2/2
   921 | D:1      | Reached XP level 3. HP: 38/40 MP: 3/3
  1102 | D:1      | Found a faded altar of an unknown god.
  1107 | D:1      | Prayed at the altar of an unknown god.
  1107 | D:1      | Became a worshipper of Kikubaaqudgha
  1107 | D:1      | Reached * piety under Kikubaaqudgha
  1107 | D:1      | Received a gift from Kikubaaqudgha
  1431 | D:2      | Found a shimmering altar of Xom.
  1451 | D:2      | Noticed Natasha
  1459 | D:2      | Killed Natasha
  1460 | D:2      | Reached skill level 1 in Necromancy
  1460 | D:2      | Reached XP level 4. HP: 32/49 MP: 3/5
  1577 | D:2      | Noticed Natasha
  1586 | D:2      | HP: 2/49 [Natasha (7)]
  1587 | D:2      | Killed Natasha
  1588 | D:2      | Reached skill level 1 in Spellcasting
  2023 | D:2      | Noticed Natasha
  2034 | D:2      | Killed Natasha
  2035 | D:2      | Reached XP level 5. HP: 43/55 MP: 6/6
  2357 | D:3      | Identified the +10 short sword of Wejysk {antimagic, Int+3}
  2390 | D:3      | Slain by an orc wizard

Illustrated notes

Levels and vault maps discovered:
D:1:      shiori_angband_town, layout_basic, shapermc_ecumenical_altar_petra,
          minmay_hexomino_u4
D:2:      layout_basic, basic_altar, uniq_natasha
D:3:      layout_loops_cross, mainiacjoe_overflow_alcove_3, serial_shops, shop,
          small_statue_alley_b

Skill      XL: |  1  2  3  4 |
---------------+-------------+-----
Polearms       | 3 |  3.8
Necromancy     | 1 |  1.5
Spellcasting   | 1 |  1.2
Fighting       | |  4.9
Dodging        | |  2.6
Shields        | |  2.6

Action                   |  1- 3 |  4- 6 || total
-------------------------+-------+-------++-------
Melee: Trident           |    86 |    26 ||   112
       Short sword       |       |     7 ||     7
Throw: Stone             |     5 |       ||     5
       Javelin           |       |     2 ||     2
  Use: Scroll            |     3 |       ||     3
       Potion            |       |     3 ||     3
Armor: Robe              |    12 |    17 ||    29
Dodge: Dodged            |    26 |    13 ||    39
Block: Kite shield       |    29 |    17 ||    46
